 Dungeon Crawl Stone Soup version 0.23-b1-6-ga921848 (webtiles) character file.

Game seed: 5688125328288507625

243 HEYYEYAAE the Bolt Thrower (level 6, -2/42 HPs)
             Began as an Octopode Hunter on Feb 2, 2019.
             Engulfed by a cloud of steam (7 damage)
             ... on level 3 of the Dungeon.
             The game lasted 00:02:19 (2282 turns).

HEYYEYAAE the Bolt Thrower (Octopode Hunter)        Turns: 2282, Time: 00:02:20

Health: -2/42      AC:  1    Str: 11    XL:     6   Next: 9%
Magic:  6/6        EV: 14    Int: 14    God:
Gold:   136        SH:  0    Dex: 14    Spells: 5/5 levels left

rFire    . . .     SeeInvis .   a - +1 hand crossbow
rCold    . . .     Gourm    .   (no shield)
rNeg     . . .     Faith    .   (helmet restricted)
rPois    .         Spirit   .   (no amulet)
rElec    .         Reflect  .   (no ring)
rCorr    .         Harm     .   (no ring)
MR       .....                  (no ring)
Stlth    ++++......             (no ring)
HPRegen  0.14/turn              (no ring)
MPRegen  0.10/turn              (no ring)
                                (no ring)
                                (no ring)

@: hasted, very quick
A: almost no armour, stealthy swim, amphibious, 8 rings, constrict 8, camouflage
1, gelatinous body 1
a: no special abilities


You were on level 3 of the Dungeon.
You were not hungry.

You visited 1 branch of the dungeon, and saw 3 of its levels.

You collected 136 gold pieces.

Inventory:

Hand Weapons
 a - a +1 hand crossbow (weapon)
 b - a +0 short sword
Missiles
 c - 54 bolts (quivered)
Wands
 v - a wand of disintegration (11)
Scrolls
 e - 6 scrolls of identify {unknown}
 j - 5 scrolls of teleportation {unknown}
 l - a scroll of enchant weapon {unknown}
 m - a scroll of random uselessness {unknown}
 p - 2 scrolls of immolation {unknown}
 q - 2 scrolls of amnesia {unknown}
 r - a scroll of fog {unknown}
 t - a scroll of fear {unknown}
Potions
 h - a potion of flight {unknown}
 i - a potion of might {unknown}
 k - a potion of berserk rage {unknown}
 n - a potion of cancellation {unknown}
 o - a potion of resistance {unknown}
 s - a potion of magic {unknown}
 u - a potion of brilliance {unknown}
Comestibles
 d - 5 rations
 w - a chunk of flesh


   Skills:
 + Level 3.4 Fighting
 * Level 5.8 Crossbows
 + Level 3.4 Dodging
 - Level 1.3 Stealth


You had 5 spell levels left.
You didn't know any spells.
Your spell library was empty.

Dungeon Overview and Level Annotations

Branches:
Dungeon (3/15)

Altars:
Cheibriados
Elyvilon
Makhleb
Qazlal
Trog


Innate Abilities, Weirdness & Mutations

You cannot wear most types of armour.
You are very stealthy in the water. (Stealth+)
You are amphibious.
You can wear up to eight rings at the same time.
You can use your tentacles to constrict eight enemies at once.
Your skin changes colour to match your surroundings (Stealth+).
Your rubbery body absorbs attacks. (AC +1, EV +1)


Message History

This raw flesh tastes terrible.
You see here a frilled lizard skeleton.
You are engulfed in a cloud of scalding steam.
You are engulfed in a cloud of scalding steam.
You are engulfed in a cloud of scalding steam.
You are engulfed in a cloud of scalding steam.
You are engulfed in a cloud of scalding steam.
* * * LOW HITPOINT WARNING * * *
You hear the rapid rusting of a very distant drain.
You are engulfed in a cloud of scalding steam.
* * * LOW HITPOINT WARNING * * *
You are engulfed in a cloud of scalding steam.
* * * LOW HITPOINT WARNING * * *
You feel better.
You are engulfed in a cloud of scalding steam.
* * * LOW HITPOINT WARNING * * *
Okay, then.
It was a potion of haste.
You feel yourself speed up.
You are engulfed in a cloud of scalding steam.
You die...

###...##..#####.##.##......#.....
###.....####..#..#..##..##.....
#....(##..................##.
#................#....######.
#####......#.#...#####.#..# ##.
....#......(.#...# #...##.# #..
.........################.### #.#
......##.# ###§§# #...###.#
#####..#.# #§@§§## #.#..#..# #
##.#.# ##§§§§# #..#.#.##
#.#.##### ##§### ##.....#
######....##.# #§## ###...#
.##.....#....# #§### #####...#
......)..#...# ##§§# #......###
)...........######§########...# #
.....<......#...≈≈≈≈≈...# ##..###
.)..÷............≈≈≈....# ##..##


There were no monsters in sight!

Vanquished Creatures
  A bullfrog skeleton (D:2)
  2 orc wizards (D:3)
  Natasha (twice) (D:3)
  4 adders
  2 worms
  An orc (D:3)
  A ball python (D:2)
  12 bats
  5 giant cockroaches
  8 goblins
  11 hobgoblins
  3 jackals (D:2)
  7 kobolds
  3 quokkas
  4 frilled lizards
  3 rats
69 creatures vanquished.

Notes
Turn   | Place    | Note
-------+----------+-------------------------------------------
     0 | D:1      | HEYYEYAAE the Octopode Hunter began the quest for the Orb.
     0 | D:1      | Reached XP level 1. HP: 14/14 MP: 1/1
   114 | D:1      | Reached XP level 2. HP: 19/19 MP: 2/2
   854 | D:2      | Reached XP level 3. HP: 25/25 MP: 3/3
  1011 | D:2      | Found a stormy altar of Qazlal.
  1230 | D:2      | Found a white marble altar of Elyvilon.
  1231 | D:2      | Found a snail-covered altar of Cheibriados.
  1231 | D:2      | Found a burning altar of Makhleb.
  1232 | D:2      | Found a bloodstained altar of Trog.
  1434 | D:2      | Reached XP level 4. HP: 25/30 MP: 4/4
  1462 | D:2      | Reached skill level 5 in Crossbows
  1843 | D:3      | Reached XP level 5. HP: 31/36 MP: 5/5
  2132 | D:3      | Noticed Natasha
  2134 | D:3      | Killed Natasha
  2223 | D:3      | Noticed Natasha
  2239 | D:3      | Killed Natasha
  2239 | D:3      | Reached XP level 6. HP: 33/42 MP: 6/6
  2282 | D:3      | Engulfed by a cloud of steam

Skill      XL: |  1  2  3  4 |
---------------+-------------+-----
Crossbows      | 5 |  5.8
Dodging        | 3 |  3.4
Fighting       | 3 |  3.4
Stealth        | |  1.3

Action                   |  1- 3 |  4- 6 || total
-------------------------+-------+-------++-------
 Fire: Hand crossbow     |    80 |    95 ||   175
  Use: Potion            |     1 |     2 ||     3
  Eat: Chunk             |       |     4 ||     4
Armor: Skin              |       |     1 ||     1
Dodge: Dodged            |    29 |    26 ||    55
